[Event "Early-Titled-Tuesday-Blitz-May-07-2024"]
[Site "Chess.com"]
[Date "2024.05.07"]
[Round "1"]
[White "ScaccoPaccoMatto"]
[Black "emeli_chess"]
[Result "1-0"]
[WhiteElo "2727"]
[BlackElo "2415"]
[TimeControl "180+1"]
[EndTime "8:07:36 PDT"]
[Termination "ScaccoPaccoMatto won on time"]

1. e4 e5 2. Nf3 Nc6 3. Bc4 Nf6 4. d3 Be7 5. c3 O-O 6. O-O d5 7. exd5 Nxd5 8. Nbd2 Kh8 9. Re1 f6 10. Nf1 a6 11. a4 Na5 12. Ba2 c5 13. Ng3 Nc6 14.
h3 b5 15. Bxd5 Qxd5 16. axb5 Nb8 17. d4 cxd4 18. cxd4 axb5 19. Rxa8 Qxa8 20. dxe5 fxe5 21. Nxe5 Bb7 22. Qh5 Kg8 23. Nf5 Bf6 24. Ng4 Nd7 25.
Nxf6+ Nxf6 26. Qg5 g6 27. Re7 Bxg2 28. Nh6+ Kh8 29.
Nf7+ Kg7 30. Ne5+ Kg8 31. Nxg6 Ne4 32. Qh6 Rf7 33. Rxf7 Kxf7 34. Qxh7+ Kf6 35. Nf4 Nd6 36. Qg6+ Ke5 37. Qxg2 Qa1 38. Kh2 Ne4 39. Nd3+ Kd4 40.
Qf3 Qb1 41. Qe3+ Kd5 42. Nf4+ 1-0

[Event "Early-Titled-Tuesday-Blitz-May-07-2024"]
[Site "Chess.com"]
[Date "2024.05.07"]
[Round "1"]
[White "watermelonattackk"]
[Black "FLYD"]
[Result "1-0"]
[WhiteElo "2555"]
[BlackElo "1997"]
[TimeControl "180+1"]
[EndTime "8:07:37 PDT"]
[Termination "watermelonattackk won by checkmate"]

1. d4 Nf6 2. Nf3 e6 3. g3 d5 4. Bg2 Be7 5. O-O O-O 6. c4 dxc4 7. Qc2 a6 8. a4 Bd7 9. Qxc4 Bc6 10. Bf4 Nbd7 11. Nbd2 Nb6 12. Qc1 Nbd5 13. Nc4 Nxf4 14. gxf4 h6 15. e3 Bd6 16. Rd1 Nd5 17. Nfe5 Bxe5 18.
Nxe5 Qd6 19. e4 Nf6 20. Nxc6 Qxc6 21. e5 Nd5 22. Qxc6 bxc6 23. Bxd5 cxd5 24. Rac1 Ra7 25. Rc6 Rb8 26. Rd2 a5 27. Rc3 Rab7 28. Rc5 Rxb2 29.
Rxb2 Rxb2 30. Rxa5 Rb4 31. f5 Rxd4 32. Ra8+ Kh7 33.
a5 exf5 34. a6 Ra4 35. Kf1 c5 36. Ke2 Kg6 37. a7 c4 38. Rd8 Rxa7 39. Rxd5 Ra2+ 40. Kf3 c3 41. Rc5 c2 42. h4 h5 43. Rc6+ Kh7 44. Kf4 g6 45. Kg5 Kg7 46. Rc7 Ra4 47. f3 Ra6 48. Rxc2 Re6 49. Kf4 Rb6 50. Rc7 Kg8 51. Kg5 Rb3 52. Kf6 Rxf3 53. Rxf7 Re3 54. Rg7+ Kh8 55. Rxg6 f4 56. Rg5 f3 57. Kf7 f2 58.
Rxh5# 1-0

[Event "Early-Titled-Tuesday-Blitz-May-07-2024"]
[Site "Chess.com"]
[Date "2024.05.07"]
[Round "1"]
[White "MikeWizard"]
[Black "Switzerlamb"]
[Result "1-0"]
[WhiteElo "2040"]
[BlackElo "2540"]
[TimeControl "180+1"]
[EndTime "8:07:38 PDT"]
[Termination "MikeWizard won on time"]

1. d4 d5 2. c4 e6 3. Nc3 Bb4 4. Qb3 Nc6 5. Nf3 Nf6 6. a3 Be7 7. Bf4 O-O 8. e3 Na5 9. Qa2 Nxc4 10. Bxc4 dxc4 11. Qxc4 c6 12. O-O a5 13. Rfe1 Qb6 14. b3 Bd7 15. Ne5 Rfc8 16. Nxd7 Nxd7 17. Na4 Qa7 18. Nc3 Bf8 19. e4 Nb6 20. Qd3 Rd8 21. Qe3 a4 22. Bc7 Rd7 23. Bxb6 Qxb6 24. Nxa4 Qxd4 25.
Nb6 Qxe3 26. fxe3 Rdd8 27. Nxa8 Rxa8 28. a4 Bc5 29. Kf2 Kf8 30. Rad1 Ke7 31. Rd3 b6 32.
Red1 Ra7 33. Kf3 h5 34. g3 g5 35. Rd8 g4+ 36. Ke2 b5 37. axb5 cxb5 38. Rb8 Bb4 39. Rxb5 Ra2+ 40. Kf1 Bd2 41. Rb7+ Kf6 42. Ke2 Rb2 43.
Rxd2 1-0

[Event "Early-Titled-Tuesday-Blitz-May-07-2024"]
[Site "Chess.com"]
[Date "2024.05.07"]
[Round "1"]
[White "MarlonJodar"]
[Black "MokshAD1603"]
[Result "0-1"]
[WhiteElo "2293"]
[BlackElo "2618"]
[TimeControl "180+1"]
[EndTime "8:07:39 PDT"]
[Termination "MokshAD1603 won by checkmate"]

1. e4 c5 2. Nf3 e6 3. d4 cxd4 4.
Nxd4 Nc6 5. Nb5 d6 6. c4 Nf6 7. N1c3 a6 8. Na3 Be7 9. Be2 O-O 10. O-O b6 11. Be3 Bb7 12. f3 Qc7 13. Qb3 Nd7 14. Rfd1 Rac8 15. Rac1 Nc5 16. Qc2 Rfd8 17. Qd2 Qb8 18.
Nc2 h6 19. Nd4 Ne5 20. Bf1 Ba8 21. Qf2 Ncd7 22. Na4 Rc7 23. b4 Rdc8 24. Nb2 Bg5 25. Kh1 Bxe3 26. Qxe3 Nf6 27. h3 Ng6 28. f4 d5 29. e5 Ne4 30. Kh2 dxc4 31. Nxc4 b5 32. Na5 Rxc1 33. Rxc1 Rxc1 34. Qxc1 Nxe5 35. g3 Qd8 36.
Qe3 Qxd4 37. Qxd4 Nf3+ 38. Kh1 Nxd4 39. Bg2 Nf2+ 40. Kg1 Bxg2 41. Kxg2 Nd3 42. a3 Kf8 43. Kf1 Ke7 44. Nc6+ Nxc6 45. Ke2 Ndxb4 46. axb4 Nxb4 47. Kd2 Nd5 48. Kd3 Kd6 49. Kd4 f6 50. g4 e5+ 51.
fxe5+ fxe5+ 52. Ke4 a5 53. Kf5 a4 54. Kg6 a3 55. Kxg7 a2 56. Kxh6 a1=Q 57. g5 Qc1 58. h4 b4 59. Kh7 Qf4 60. g6 Qxh4+ 61.
Kg8 Qf6 62. g7 Ne7+ 63. Kh7 Qg6+ 64. Kh8 e4 65. g8=Q Qxg8# 0-1

[Event "Early-Titled-Tuesday-Blitz-May-07-2024"]
[Site "Chess.com"]
[Date "2024.05.07"]
[Round "1"]
[White "Root_21"]
[Black "mapleaff"]
[Result "1-0"]
[WhiteElo "2589"]
[BlackElo "2238"]
[TimeControl "180+1"]
[EndTime "8:07:39 PDT"]
[Termination "Root_21 won on time"]

1. e4 c5 2. Nf3 Nc6 3. d4 cxd4 4. Nxd4 Nf6 5. Nc3 e5 6. Ndb5 d6 7. Nd5 Nxd5 8. exd5 Nb8 9. a4 Be7 10. Bd2 a6 11. Na3 a5 12. Bb5+ Nd7 13. Qe2 O-O 14.
O-O-O Bg5 15. Kb1 Bxd2 16. Qxd2 Nc5 17. Nc4 Bf5 18. f4 Nb3 19. Qc3 Nd4 20. Ne3 Rc8 21. Bc4 Be4 22. Rxd4 exd4 23. Qxd4 f5 24. Rg1 Qf6 25. Qd2 Rc5 26. b3 h6 27. h3 Kh7 28. g4 fxg4 29. Rxg4 Rc7 30. Qxa5 Re7 31. Qd2 Bf3 32. Bd3+ Kh8 33. Rg6 Qxf4 34. Nc4 Qxd2 35. Nxd2 Bxd5 36. Rxd6 Bc6 37. Kb2 Rd7 38. Re6 Rdd8 39.
Re7 Rf2 40. Kc3 Rc8 41. Nc4 b5 42. axb5 Bxb5 43. Kb4 Ba6 44. Ka5 Bxc4 45. bxc4 Rh2 46. Kb6 Rxh3 47. Bf5 Rb8+ 48. Kc7 1-0

[Event "Early-Titled-Tuesday-Blitz-May-07-2024"]
[Site "Chess.com"]
[Date "2024.05.07"]
[Round "1"]
[White "AlexeiShirov"]
[Black "MFatigue"]
[Result "1-0"]
[WhiteElo "2841"]
[BlackElo "2473"]
[TimeControl "180+1"]
[EndTime "8:07:40 PDT"]
[Termination "AlexeiShirov won by resignation"]

1. e4 e6 2. d4 d5 3. e5 c5 4. c3 Nc6 5. Nf3 Bd7 6. Be2 Nge7 7. O-O Nf5 8. dxc5 Bxc5 9. b4 Bb6 10. Bd3 Nh4 11. Nbd2 O-O 12. b5 Na5 13. Qa4 Ng6 14.
h4 Qc7 15. Ba3 Rfc8 16. Bb4 Nc4 17. Nxc4 dxc4 18. Bxg6 hxg6 19. Bd6 Qd8 20. Rad1 a6 21. Qb4 Bxb5 22. Ng5 Qe8 23. a4 Bxa4 24. Qxb6 Bxd1 25.
Rxd1 Qb5 26. Qd4 Rd8 27. h5 gxh5 28. Qe4 g6 29. Qf4 Rd7 30. Ne4 Kg7 31. Nf6 Rxd6 32. Rxd6 Qb1+ 33. Kh2 Qf5 34. Qd4 b5 35. Rd7 Rf8 36.
Ne4 g5 37. Nd6 Qg6 38. Ra7 g4 39. Rxa6 h4 40. Qf4 Rh8 41. Ra7 g3+ 42. Kh3 Rf8 43.
f3 Kg8 44. Ne4 f5 45. Nf6+ Rxf6 46. exf6 Qxf6 47. Qb8+ Qf8 48. Qc7 Qf6 49. Ra8+ Qf8 50. Rxf8+ Kxf8 1-0

[Event "Early-Titled-Tuesday-Blitz-May-07-2024"]
[Site "Chess.com"]
[Date "2024.05.07"]
[Round "1"]
[White "JaackCamel"]
[Black "Arhan_Anand"]
[Result "0-1"]
[WhiteElo "2274"]
[BlackElo "2611"]
[TimeControl "180+1"]
[EndTime "8:07:40 PDT"]
[Termination "Arhan_Anand won by resignation"]

1. d4 Nf6 2. c4 e6 3. Nc3 Bb4 4. Qc2 O-O 5. a3 Bxc3+ 6. Qxc3 d5 7. Nf3 dxc4 8. Qxc4 b6 9. Bg5 Bb7 10. e3 Nbd7 11.
Be2 c5 12. O-O Rc8 13. Rfd1 h6 14. Bh4 Bd5 15. Qa6 Qc7 16. Rac1 Qb8 17. Bg3 Qa8 18. Bd6 Rfd8 19. dxc5 Nxc5 20. Bxc5 bxc5 21. h3 Ne4 22. Bc4 Rd6 23. Bxd5 exd5 24. Qa4 Re8 25. Nd2 d4 26. Nc4 Rg6 27. f3 Nf6 28. e4 Qb8 29. Rc2 Qg3 30. e5 Rxe5 31. Nxe5 Qxe5 32. Qc6 Rg5 33. Rf1 Nh5 34. Rcf2 Nf4 35. Qa8+ Kh7 36. Qe4+ Qxe4 37. fxe4 Nxh3+ 38. Kh2 Nxf2 39. Rxf2 f6 40. Re2 Kg8 41. g3 Kf7 42. Kg2 Re5 43. Kf3 f5 44. Rc2 fxe4+ 45.
Kf4 Ke6 46. b4 d3 47. Rd2 c4 48. Ke3 c3 49. Rd1 c2 50. Rc1 Rf5 51. Kxe4 d2 52.
Rxc2 d1=Q 53. Rc6+ Kd7 0-1

[Event "Early-Titled-Tuesday-Blitz-May-07-2024"]
[Site "Chess.com"]
[Date "2024.05.07"]
[Round "1"]
[White "IwkooO"]
[Black "Amiciterno"]
[Result "1-0"]
[WhiteElo "2696"]
[BlackElo "2393"]
[TimeControl "180+1"]
[EndTime "8:07:42 PDT"]
[Termination "IwkooO won on time"]

1. e4 d6 2. d4 Nf6 3. Nc3 e5 4. f3 Nbd7 5. Be3 c6 6. Nge2 Be7 7. Qd2 Qc7 8. O-O-O b5 9. Ng3 g6 10. Kb1 b4 11.
Nce2 a5 12. h4 Ba6 13. h5 Rg8 14. hxg6 hxg6 15. Nc1 Bxf1 16. Rhxf1 Qb7 17. f4 Ng4 18. f5 Nxe3 19. Qxe3 exd4 20. Qxd4 Ne5 21. Nd3 c5 22.
Nxc5 Qb6 23. Ne6 Qxd4 24. Nxd4 Nc4 25. Rf3 a4 26. Nc6 Bf6 27. fxg6 Rxg6 28. Nxb4 Bxb2 29.
c3 Ba3 30. Rd4 Bxb4 31. Rxc4 Bc5 32. Kc2 Kd7 33. Rxf7+ Ke6 34. Rf3 Rag8 35. Ne2 Rxg2 36. Kd3 a3 37. Nf4+ Ke7 38. Nxg2 Rxg2 39. e5 Rxa2 40. exd6+ Bxd6 41. Ra4 Ra1 42. Rf2 Rd1+ 43. Rd2 Rh1 44. Re2+ Kd7 45. Rd2 Kc6 46. Ra6+ Kc7 47. Kc2 Be5 48. Re2 Bd6 49. Rd2 Rh6 50. Kb3 Rf6 51. Rd4 Rg6 52. Rda4 1-0

[Event "Early-Titled-Tuesday-Blitz-May-07-2024"]
[Site "Chess.com"]
[Date "2024.05.07"]
[Round "1"]
[White "sterpfi"]
[Black "djano"]
[Result "1-0"]
[WhiteElo "2287"]
[BlackElo "2580"]
[TimeControl "180+1"]
[EndTime "8:07:43 PDT"]
[Termination "sterpfi won by resignation"]

1. e4 c5 2. Nc3 g6 3. d4 cxd4 4. Qxd4 Nf6 5. Be3 Nc6 6. Qd2 Ng4 7. Bf4 d6 8. f3 Nge5 9. O-O-O Be6 10. h4 Qa5 11. Kb1 h5 12. Nd5 Qxd2 13. Rxd2 Rc8 14. Ne2 Bg7 15. Nec3 a6 16. Nb6 Rd8 17. Ncd5 Kf8 18.
Nc7 Bh6 19. Bxh6+ Rxh6 20. Nxe6+ fxe6 21. Nc4 Nd7 22. Be2 e5 23. Rhd1 Nc5 24. Ne3 Ne6 25. Nd5 Rh7 26. g3 Kf7 27. c3 b5 28. a4 Rb8 29.
axb5 axb5 30. Kc2 g5 31. hxg5 Nxg5 32. Ra1 Rb7 33. Ra6 Nd8 34. Rb6 h4 35. Rxb7 Nxb7 36. gxh4 Ne6 37. Bxb5 Rxh4 38. Be2 Ng5 39. b4 Ke8 40. Ba6 Nd8 41. Bb5+ Kf7 42. Bd7 Nxf3 43. Rf2 Rh2 44. Rxh2 Nxh2 45. b5 e6 46. Nb4 Ke7 47. Bc6 Ng4 48. b6 d5 49. b7 Nxb7 50. Bxb7 d4 51.
cxd4 exd4 52. Kd3 e5 53. Kc4 Ne3+ 54. Kc5 Kf6 55. Nd3 Nd1 56. Kd6 Ne3 57. Nxe5 Nc2 58. Nd3 Ne3 59. e5+ Kf7 60. e6+ Kf6 61. e7 Nc4+ 62. Kd7 Nb6+ 63. Kd8 Nc4 64. e8=Q Nd6 65. Qe5+ Kf7 66. Qxd6 1-0

[Event "Early-Titled-Tuesday-Blitz-May-07-2024"]
[Site "Chess.com"]
[Date "2024.05.07"]
[Round "1"]
[White "erlesfar"]
[Black "xasid81"]
[Result "1-0"]
[WhiteElo "2391"]
[BlackElo "2636"]
[TimeControl "180+1"]
[EndTime "8:07:44 PDT"]
[Termination "erlesfar won by resignation"]

1. e4 d5 2. exd5 Nf6 3. d4 Nxd5 4. Nf3 g6 5. Be2 Bg7 6. O-O O-O 7. c4 Nb6 8. Nc3 Nc6 9. Be3 Bg4 10. c5 Nd5 11. Qb3 Nxe3 12. fxe3 b6 13. h3 Na5 14. Qc2 Bf5 15. e4 Bxd4+ 16. Kh1 Be6 17. Rad1 bxc5 18. b4 Nc6 19. bxc5 Qd7 20. Bb5 Bxh3 21. Bxc6 Bxg2+ 22. Qxg2 Qxc6 23. Nxd4 Qxc5 24. Nd5 Rad8 25. Nb3 Qa3 26.
Nxc7 a5 27. Nd5 a4 28. Nd4 e6 29. Nf6+ Kg7 30. Nh5+ Kh8 31. Ng3 Qc5 32. Nf3 a3 33. e5 Qc4 34. Ng5 Qh4+ 35. Nh3 Kg8 36. Kh2 Rb8 37. Rf4 Qh6 38. Ne4 Rb2 39. Rf2 Rfb8 40.
Rdd2 Qe3 41. Nf6+ Kh8 42. Ng4 Qc3 43. Rde2 Rxe2 44. Rxe2 Rb2 45. Qf2 Rxe2 46. Qxe2 Qb2 47. Qf2 Kg8 48. Nf6+ Kg7 49. Ne4 Qxe5+ 50. Qf4 Qb2+ 51.
Nhf2 h6 52. Kg3 g5 53. Qe3 Qe5+ 54. Kg2 f5 55. Qc3 Qxc3 56. Nxc3 Kf6 57. Nb5 Ke5 58. Nxa3 Kd4 59. Nb5+ Kc5 60. a4 e5 61. Nc3 e4 62. a5 e3 63. Nd3+ Kd4 64. a6 Kxc3 65. a7 Kxd3 66. a8=Q e2 67. Qa6+ Kd2 68. Qa5+ Ke3 69.
Qc3+ Ke4 70. Kf2 1-0

[Event "Early-Titled-Tuesday-Blitz-May-07-2024"]
[Site "Chess.com"]
[Date "2024.05.07"]
[Round "1"]
[White "LoaySameer"]
[Black "TigrVShlyape"]
[Result "0-1"]
[WhiteElo "2514"]
[BlackElo "2932"]
[TimeControl "180+1"]
[EndTime "8:07:45 PDT"]
[Termination "TigrVShlyape won by resignation"]

1. Nf3 d5 2. g3 Nf6 3. Bg2 c6 4. O-O Bf5 5. d3 h6 6. Nbd2 e6 7. b3 a5 8. a3 Nbd7 9. Bb2 Bh7 10.
Ne5 Nxe5 11. Bxe5 Bd6 12. Bb2 e5 13. e4 O-O 14. Re1 Re8 15. h3 Qc7 16. Qe2 b5 17. Nf1 dxe4 18. dxe4 Bc5 19. g4 Nd7 20. Ng3 Nf8 21.
Nf5 Ne6 22. Bc1 f6 23. Be3 Bxe3 24. fxe3 Red8 25. a4 Qb6 26. Kh2 Kh8 27. Rad1 Qc5 28.
Rxd8+ Rxd8 29. Rd1 Rb8 30. Rd7 bxa4 31. bxa4 Bg8 32.
Qd3 Qf8 33. Ne7 Bf7 34. Nf5 Nc5 35. Rxf7 Qxf7 36. Qd6 Nd7 37. Ne7 Re8 38. Nxc6 Qe6 39. Qxe6 Rxe6 40. Nxa5 Ra6 41. Nb3 Rxa4 42. Bf1 Rxe4 43.
Kg3 Rxe3+ 44. Kf2 Rc3 45. Bd3 Nc5 46. Nxc5 Rxc5 47. Ke3 Kg8 48. Ke4 Kf7 49. c4 g6 50.
h4 Ke6 51. Ke3 f5 52. gxf5+ gxf5 53. Bf1 Ra5 54. Kd2 Kd6 55. Kc3 Kc5 56. Bh3 Ra3+ 0-1

[Event "Early-Titled-Tuesday-Blitz-May-07-2024"]
[Site "Chess.com"]
[Date "2024.05.07"]
[Round "1"]
[White "aanshnerurkar"]
[Black "MatthewG-p4p"]
[Result "0-1"]
[WhiteElo "2496"]
[BlackElo "2892"]
[TimeControl "180+1"]
[EndTime "8:07:45 PDT"]
[Termination "MatthewG-p4p won by resignation"]

1. e4 e6 2. d4 d5 3. Nd2 a6 4. Ngf3 Nf6 5. e5 Nfd7 6. c3 c5 7. Bd3 Nc6 8. O-O g5 9. b3 g4 10.
Ne1 cxd4 11. cxd4 Nxd4 12. Qxg4 Nc6 13. f4 h5 14. Qf3 Nd4 15. Qd1 Qb6 16. Kh1 h4 17.
Bb2 h3 18. g3 Nc6 19. Nef3 Nc5 20. Bb1 Bd7 21. a3 a5 22. Nd4 Na4 23. Nxc6 Nxb2 24.
Qc2 Bxc6 25. Qxb2 Bc5 26. Nf3 Be3 27. Bd3 Rc8 28. Qb1 Ke7 29. f5 Qc5 30. b4 axb4 31. axb4 Qc3 32. b5 Bd7 33. fxe6 Bxe6 34. Be2 Qc2 35.
Qxc2 Rxc2 36. Bd3 Rc3 37. Be2 d4 38. g4 Bd5 39. Rad1 Ra8 40. Rd3 Ra2 41. Rxc3 dxc3 42. Bd3 c2 43. Bxc2 Rxc2 44. g5 Bf2 0-1

[Event "Early-Titled-Tuesday-Blitz-May-07-2024"]
[Site "Chess.com"]
[Date "2024.05.07"]
[Round "1"]
[White "Rakhmanov_Aleksandr"]
[Black "SaiAgni_98"]
[Result "1-0"]
[WhiteElo "2854"]
[BlackElo "2480"]
[TimeControl "180+1"]
[EndTime "8:07:46 PDT"]
[Termination "Rakhmanov_Aleksandr won by resignation"]

1. d4 d5 2. c4 c6 3. cxd5 cxd5 4. Nf3 Nf6 5. Nc3 a6 6. Bf4 Nc6 7. Ne5 Bd7 8. e3 e6 9. Bd3 Be7 10. O-O O-O 11. Qf3 Rc8 12. Qh3 b5 13. Nxd5 g6 14.
Nxe7+ Nxe7 15. Bh6 Re8 16. Bg5 Nh5 17. Qh4 f6 18.
Bxf6 Nxf6 19. Qxf6 Rf8 20. Qh4 Nd5 21. Qxd8 Rfxd8 22. Rac1 Be8 23. Be4 Nb4 24. a3 Nd5 25. Bxd5 exd5 26.
Nd3 Rc4 27. b3 Rcc8 28. Rxc8 Rxc8 29. Rc1 Rb8 30. Rc7 Bf7 31. h3 a5 32. g4 g5 33. Kg2 Bg6 34. Nc5 b4 35. a4 Rf8 36.
Ra7 h5 37. Rxa5 hxg4 38. hxg4 Bc2 39. Rb5 Bd1 40. Rxb4 Bf3+ 41. Kg3 Be2 42. Rb7 Rf3+ 43.
Kg2 Rf6 44. a5 Bf3+ 45. Kg3 Be2 46. a6 Rf3+ 47. Kg2 Rf8 48. a7 Bxg4 49. Rb8 1-0

[Event "Early-Titled-Tuesday-Blitz-May-07-2024"]
[Site "Chess.com"]
[Date "2024.05.07"]
[Round "1"]
[White "Phuzer"]
[Black "Boxerandchessplayer"]
[Result "1-0"]
[WhiteElo "2585"]
[BlackElo "2233"]
[TimeControl "180+1"]
[EndTime "8:07:46 PDT"]
[Termination "Phuzer won by resignation"]

1. d4 d5 2. c4 e6 3. Nc3 c6 4. e3 Nf6 5. Nf3 Nbd7 6. b3 Be7 7. Bd3 O-O 8. O-O b6 9. Bb2 Bb7 10. Qe2 c5 11. Rfd1 Rc8 12. Rac1 Qc7 13. h3 Qb8 14. a3 Qa8 15. cxd5 exd5 16. Bb1 Bd8 17. Ne5 Re8 18. f4 cxd4 19. exd4 a6 20. Qf3 b5 21. Bf5 Re7 22.
g4 g6 23. g5 Nxe5 24. fxe5 Nd7 25. Bg4 Bb6 26. Kh2 Rd8 27. Ne2 Nf8 28. Nf4 Bc8 29.
Bxc8 Rxc8 30. Nxd5 Re6 31. Nf6+ Kg7 32. Qxa8 Rxa8 33.
d5 Re7 34. e6 fxe6 35. Nd7+ Kf7 36. Nxb6 Rb8 37. Nc8 Re8 38. Nd6+ Ke7 39. Nxe8 Kxe8 40. d6 Nd7 41. Rc7 Rb6 42. Bf6 e5 43. Bxe5 Nxe5 44. Re1 Rxd6 45. Rxe5+ Kd8 46. Rxh7 Rd2+ 47. Kg3 Rd3+ 48. Kf4 Rxb3 49. Re6 Rxa3 50. Rxg6 Ra4+ 51. Kf5 1-0

[Event "Early-Titled-Tuesday-Blitz-May-07-2024"]
[Site "Chess.com"]
[Date "2024.05.07"]
[Round "1"]
[White "Witik"]
[Black "Levanzovsky"]
[Result "1-0"]
[WhiteElo "2868"]
[BlackElo "2487"]
[TimeControl "180+1"]
[EndTime "8:07:48 PDT"]
[Termination "Witik won by checkmate"]

1. d4 Nf6 2. Nf3 d5 3. Bf4 c5 4. e3 Nc6 5. Nbd2 cxd4 6. exd4 Bg4 7. h3 Bh5 8. c3 e6 9. Bb5 Bd6 10. Bxd6 Qxd6 11. g4 Bg6 12. Ne5 O-O 13. Bxc6 bxc6 14. h4 c5 15. h5 cxd4 16. cxd4 Be4 17. f3 Nxg4 18. Nxg4 Qg3+ 19. Nf2 Bf5 20. Nf1 Qf4 21. Qd2 Qxf3 22. Rh4 Rac8 23. Rc1 h6 24. Rc5 Rxc5 25.
dxc5 Rc8 26. b4 a5 27. Qe3 Qxe3+ 28. Nxe3 Bb1 29. a3 axb4 30. axb4 f5 31. Kd2 Kf7 32. Nd3 Kf6 33. Rh1 Bxd3 34. Kxd3 f4 35. Ng2 e5 36.
Rc1 Ra8 37. b5 Ra3+ 38. Ke2 f3+ 39. Kf2 fxg2 40. c6 Ra2+ 41. Kg1 d4 42. c7 d3 43. c8=Q d2 44. Qf8+ Kg5 45. Qxg7+ Kxh5 46. Qxe5+ Kg4 47.
Qe4+ Kh5 48. Rc5# 1-0

[Event "Early-Titled-Tuesday-Blitz-May-07-2024"]
[Site "Chess.com"]
[Date "2024.05.07"]
[Round "1"]
[White "TheoSlade"]
[Black "Kiborg95"]
[Result "0-1"]
[WhiteElo "2473"]
[BlackElo "2840"]
[TimeControl "180+1"]
[EndTime "8:07:48 PDT"]
[Termination "Kiborg95 won by resignation"]

1. d4 d6 2. Nf3 Nf6 3. c4 Nbd7 4. Nc3 e5 5. e4 g6 6. Be2 Bg7 7. O-O O-O 8. Be3 c6 9. d5 c5 10. Ne1 Kh8 11. Qc2 Ng8 12. Bd3 Nb6 13. g3 Bh3 14. Ng2 f5 15. f4 exf4 16. Bxf4 g5 17. Be3 Bxg2 18. Kxg2 f4 19. gxf4 gxf4 20. Bxf4 Rxf4 21. Rxf4 Qg5+ 22. Kf3 Qh5+ 23. Kg2 Be5 24. Qe2 Qh6 25. Rf7 Qxh2+ 26. Kf1 Qh1+ 27. Kf2 Qxa1 28. Qh5 Nf6 29.
Qh4 Nbd7 30. Ne2 Rg8 31. Ng3 Qxb2+ 32. Kf3 Rxg3+ 33. Qxg3 Bxg3 34. Kxg3 Qc3 35. Kf4 Qd2+ 36. Kf5 Qf2+ 37. Ke6 Kg8 38. e5 Nxe5 39. Bxh7+ Kh8 40. Rxf6 Qxf6+ 41. Kxf6 Kxh7 42. Ke6 Nxc4 43. Kd7 b5 44.
Kc6 a6 45. Kb7 a5 46. Ka6 b4 47. Kb5 Kg6 48. Kxc4 a4 49. Kb5 b3 50. Kxa4 b2 0-1

[Event "Early-Titled-Tuesday-Blitz-May-07-2024"]
[Site "Chess.com"]
[Date "2024.05.07"]
[Round "1"]
[White "cthake"]
[Black "tusplingher"]
[Result "0-1"]
[WhiteElo "1865"]
[BlackElo "2548"]
[TimeControl "180+1"]
[EndTime "8:07:48 PDT"]
[Termination "tusplingher won on time"]

1. c4 e6 2. Nc3 Nf6 3. d4 d5 4.
Bg5 a6 5. cxd5 exd5 6. e3 c6 7.
Nf3 Bd6 8. Bd3 h6 9. Bh4 O-O 10. O-O Nbd7 11. Rb1 a5 12. a3 b5 13. Qc2 Ba6 14.
b4 axb4 15. axb4 Nb6 16. Ne5 Bb7 17. f4 Nc4 18. Nxc4 bxc4 19. Bf5 Re8 20. Rf3 Be7 21. b5 cxb5 22. Rxb5 Bc6 23. Rb1 Nh5 24. Bf2 Nf6 25. g4 Bd7 26. g5 Ne4 27. Bxe4 dxe4 28. Nxe4 Bc6 29. gxh6 g6 30. h7+ Kxh7 31. Rh3+ Kg7 32.
Ng3 Rh8 33. Rxh8 Qxh8 34. Qxc4 Rc8 35. d5 Bd7 36. Qd4+ Bf6 37. Qd2 Bc3 38. Qd3 Qh4 39.
Rc1 Bf6 40. Rxc8 Bxc8 41. Qe4 Qg4 42. Kg2 Bf5 43. Qf3 Qh3+ 44. Kg1 Bg4 45. Qg2 Qh8 46. e4 Bh3 47. Qf3 Qb8 48. Qe2 Qb1+ 49. Nf1 Bxf1 0-1

[Event "Early-Titled-Tuesday-Blitz-May-07-2024"]
[Site "Chess.com"]
[Date "2024.05.07"]
[Round "1"]
[White "maximnovik"]
[Black "youngKID"]
[Result "0-1"]
[WhiteElo "2456"]
[BlackElo "2818"]
[TimeControl "180+1"]
[EndTime "8:07:49 PDT"]
[Termination "youngKID won by resignation"]

1. e4 c5 2. Nf3 Nc6 3. Bb5 g6 4. Bxc6 dxc6 5. d3 Bg7 6. O-O Nf6 7. Nc3 O-O 8. Be3 b6 9. Qd2 Ng4 10. Bf4 e5 11. Bg5 f6 12. Be3 Be6 13. h3 Nxe3 14.
fxe3 Qe7 15. a4 a5 16. b3 Rad8 17. Qe2 f5 18. exf5 e4 19. Nxe4 gxf5 20. Neg5 Bc8 21. h4 Bxa1 22. Rxa1 f4 23. e4 h6 24. Nh3 Bxh3 25.
gxh3 Kh7 26. Kh2 Rg8 27. Rg1 Rxg1 28. Kxg1 Rg8+ 29. Kh2 Qe6 30. Qf1 Qg6 31. Qf2 Qg7 32. h5 Qg3+ 33. Qxg3 Rxg3 34. Nh4 Re3 35. Kg2 Re2+ 36.
Kf3 Rxc2 37. Kxf4 Rc3 38. e5 Rxd3 39. e6 Kg7 40. Nf5+ Kf6 41. Nxh6 Rxh3 42. Kg4 Rh1 43. Nf5 Kxe6 44. h6 b5 45. Kg5 Ke5 46. Nh4 Rxh4 47. Kxh4 Kf6 48. Kg4 c4 49. bxc4 bxa4 50. h7 Kg7 51.
Kf5 Kh8 52. Ke6 a3 53. Kd6 a2 0-1

[Event "Early-Titled-Tuesday-Blitz-May-07-2024"]
[Site "Chess.com"]
[Date "2024.05.07"]
[Round "1"]
[White "Eloist"]
[Black "ValentinDragnev"]
[Result "0-1"]
[WhiteElo "2417"]
[BlackElo "2728"]
[TimeControl "180+1"]
[EndTime "8:07:51 PDT"]
[Termination "ValentinDragnev won on time"]

1. e4 d6 2. d4 Nf6 3. Nc3 e5 4. dxe5 dxe5 5. Qxd8+ Kxd8 6. Bc4 Be6 7. Bxe6 fxe6 8. f3 Nbd7 9. Nh3 Bc5 10. Nf2 Ke7 11. Nd3 Bd4 12. Nd1 a5 13. c3 Bb6 14. Be3 c5 15. c4 Ba7 16. Nc3 b6 17. O-O-O Rad8 18. Nb5 Bb8 19. b3 h6 20. h4 Nh5 21. Rd2 Nf8 22. g4 Nf4 23. Bxf4 exf4 24. h5 Nh7 25. e5 Rhf8 26. Kc2 Ng5 27. Rf1 Nf7 28. Re1 Ng5 29. Rf1 Rd7 30. Nb2 Rxd2+ 31. Kxd2 Bxe5 32. Na4 Rb8 33. Ke2 Nf7 34. Rd1 Nd6 35. Nxd6 Bxd6 36.
Nc3 Be5 37. Na4 Bd4 38. Kd3 e5 39. Ke4 Ke6 40. Rd2 b5 41. cxb5 Rxb5 42. Rc2 Rb4 43. Rc4 Rb5 44. Nc3 Bxc3 45. Rxc3 Rb4+ 46. Rc4 Rb5 47.
Rc2 a4 48. Rc3 Rb4+ 49. Rc4 axb3 0-1

[Event "Early-Titled-Tuesday-Blitz-May-07-2024"]
[Site "Chess.com"]
[Date "2024.05.07"]
[Round "1"]
[White "savitha1030"]
[Black "bascheyaro"]
[Result "0-1"]
[WhiteElo "2486"]
[BlackElo "2859"]
[TimeControl "180+1"]
[EndTime "8:07:52 PDT"]
[Termination "bascheyaro won by resignation"]

1. d4 d5 2. c4 c6 3. Nc3 Nf6 4.
Nf3 a6 5. cxd5 cxd5 6. Bg5 Nc6 7. e3 e6 8. Bd3 Be7 9. O-O O-O 10. a3 Bd7 11. b4 Rc8 12. Rc1 h6 13. Bh4 Ne8 14. Bg3 f5 15. Na4 g5 16. Nc5 Bxc5 17. dxc5 f4 18. exf4 gxf4 19. Bh4 Nf6 20. Bb1 e5 21.
Bxf6 Qxf6 22. Qxd5+ Be6 23. Qe4 Qg7 24. Rfe1 Bh3 25. Nh4 Nd4 26. Qd5+ Rf7 27. Bg6 Rf8 28. Qxe5 Rf6 29. Qxd4 Rxg6 30. Qd5+ Kh7 31. Nxg6 Qxg6 32. Qe4 Bf5 33. Qxb7+ Rf7 34. Re7 Be6 35. Rxf7+ Bxf7 36.
Re1 Kg7 37. Qe4 Qg4 38. Qe5+ Kg8 39. f3 Qg6 40. Qe4 Qf6 41. c6 Qd6 42. Kh1 a5 43. b5 Qc5 44. a4 Qc3 45. h3 h5 46. Qe5 Qd2 47. c7 Qc2 48. Qg5+ Kh7 49. Qxh5+ Bxh5 50. Re7+ Kh6 51. Kh2 Bxf3 52. Re6+ Kg7 0-1

[Event "Early-Titled-Tuesday-Blitz-May-07-2024"]
[Site "Chess.com"]
[Date "2024.05.07"]
[Round "1"]
[White "stollenmonster"]
[Black "viktorgen2021"]
[Result "1-0"]
[WhiteElo "2919"]
[BlackElo "2507"]
[TimeControl "180+1"]
[EndTime "8:07:53 PDT"]
[Termination "stollenmonster won by resignation"]

1. e4 g6 2. g3 Bg7 3. Bg2 d6 4. Ne2 Nf6 5. O-O c6 6. d4 O-O 7. c4 Nbd7 8. Nbc3 e5 9. h3 a6 10. a4 a5 11. Re1 Qc7 12. Be3 Re8 13. Qc2 exd4 14. Nxd4 Nc5 15. b3 Nfd7 16. Red1 Na6 17. Rac1 Nb4 18. Qb1 h6 19. Na2 Nc5 20. Nxb4 axb4 21.
Bf4 Qe7 22. Qc2 Bd7 23. h4 Rad8 24. Nf5 Bxf5 25. exf5 Qf6 26. fxg6 Qxg6 27. Qxg6 fxg6 28. Rxd6 Nxb3 29. Rb1 Rxd6 30. Bxd6 Nd2 31. Rxb4 Re1+ 32. Kh2 Re2 33. Rxb7 Rxf2 34. Kh3 Nxc4 35. Bc5 Rf5 36.
Bg1 h5 37. Bxc6 Na5 38. Rb8+ Kh7 39. Be4 Re5 40. Bg2 Re1 41. Bc5 Rc1 42. Be3 Re1 43.
Bf4 Ra1 44. Ra8 Rxa4 45. Ra7 Kh8 46. Ra8+ Kh7 47. Ra7 Kh8 48. Bd5 Rd4 49. Rxa5 Kh7 50. Bg2 Rd7 51. Rb5 Bf6 52. Rb7 1-0